 Dungeon Crawl Stone Soup version 0.31.0-32-g396128a36d (webtiles) character file.

Game seed: 2322298349581437028

600 Silvore the Cudgeller (level 7, -2/61 HPs)
             Began as a Minotaur Fighter on Mar 20, 2024.
             Slain by Pikel
             ... wielding a +2 whip of flaming
              (3 damage)
             ... on level 4 of the Dungeon.
             The game lasted 00:04:15 (3390 turns).

Silvore the Cudgeller (Minotaur Fighter)            Turns: 3390, Time: 00:04:16

Health: -2/61      AC:  8    Str: 22    XL:     7   Next: 18%
Magic:  6/6        EV: 10    Int:  5    God:
Gold:   224        SH:  5    Dex: 10    Spells: 6/6 levels left

rFire   . . .        i - +1 mace
rCold   . . .        c - +0 buckler
rNeg    . . .        b - +0 scale mail
rPois   .            (helmet restricted)
rElec   .            (no cloak)
rCorr   .            j - +0 pair of gloves
SInv    .            (no boots)
Will    .....        (no amulet) Stlth
                     (no ring)
HPRegen 0.30/turn    (no ring)
MPRegen 0.10/turn

%: no passive effects
@: no status effects
A: horns 2, retaliatory headbutt
a: no special abilities


You were on level 4 of the Dungeon.
You visited 1 branch of the dungeon, and saw 4 of its levels.

You collected 224 gold pieces.

Inventory:

Hand Weapons
 a - a +0 flail
 i - a +1 mace (weapon)
Missiles
 d - 2 throwing nets (quivered)
Armour
 b - a +0 scale mail (worn)
 c - a +0 buckler (worn)
 j - a +0 pair of gloves (worn)
Potions
 e - a potion of brilliance
 g - 2 potions of enlightenment
 h - 2 potions of resistance
 l - a potion of heal wounds {unknown}
 o - a potion of curing {unknown}


   Skills:
 + Level 5.5 Fighting
 + Level 5.8 Maces & Flails
 + Level 5.4 Armour
 + Level 1.9 Dodging
 + Level 0.2 Stealth
 + Level 5.3 Shields


You had 6 spell levels left.
You didn't know any spells.
Your spell library contained the following spells:

 Spells                   Type           Power      Damage    Failure   Level
 Apportation              Tloc           0%         N/A       85%         1
 Jinxbite                 Hex            0%         N/A       94%         2
 Dazzling Flash           Conj/Hex       0%         N/A       99%         3
 Volatile Blastmotes      Fire/Tloc      0%         2d10      99%         3
 Alistair's Intoxication  Alch           0%         N/A       100%        5
 Starburst                Conj/Fire      0%         6d3       100%        6
 Maxwell's Capacitive Co  Air            0%         ∞         100%        8


Dungeon Overview and Level Annotations

Branches:
Dungeon (4/15)
 Temple: D:4-7

Altars:
Makhleb
Nemelex Xobeh
Wu Jian

Annotations:
D:4 Pikel


Innate Abilities, Weirdness & Mutations

You have a pair of horns on your head.
You reflexively headbutt those who attack you in melee.


Message History

Pikel is lightly wounded.
The lemure hits you but does no damage. The lemure hits you.
You block Pikel's attack.
You hit Pikel but do no damage.
Pikel is lightly wounded.
The lemure hits you! The lemure hits you. The lemure closely misses you.
The iguana bites you! Pikel completely misses you.
You hit Pikel but do no damage.
Pikel is lightly wounded.
The lemure hits you but does no damage. The lemure closely misses you.
The lemure hits you.
The iguana bites you but does no damage.
Pikel closely misses you.
You closely miss Pikel.
Pikel is lightly wounded.
The lemure barely misses you. The lemure misses you.
The lemure barely misses you. The iguana closely misses you.
Pikel hits you with a +2 whip of flaming.
Pikel burns you.
You hit Pikel but do no damage.
Pikel is lightly wounded.
The lemure closely misses you. You furiously retaliate!
You headbutt the lemure. The lemure hits you! You block Pikel's attack.
The lemure hits you. The iguana closely misses you. The lemure hits you.
Unknown command.
Unknown command.
You sock the iguana!
The iguana is severely wounded.
Pikel hits you with a +2 whip of flaming!
* * * LOW HITPOINT WARNING * * *
Pikel burns you.
* * * LOW HITPOINT WARNING * * *
The lemure hits you but does no damage. You block the iguana's attack.
The lemure hits you.
* * * LOW HITPOINT WARNING * * *
The iguana bites you.
* * * LOW HITPOINT WARNING * * *
Pikel hits you with a +2 whip of flaming.
You die...
Pikel says, "See you in Hell!"

.... .... #######
#### ..... .......
...# ...... .......
...# ...... #......
..|# ..../.###......
...# ...........#
...# #..l@5..# ...#
#..5K5..# ...#
#...5...# ...###
#.......# ...+.#
#.......# ...#.#
#.....?.+ .....#
#.......#
.....########.......#
.............#'######


You could see Pikel, 4 lemures and an iguana.

Vanquished Creatures
  Sigmund (D:2)
  2 scorpions (D:4)
  A hound (D:4)
  An orc priest (D:3)
  An iguana (D:4)
  Jessica (D:3)
  An orc wizard (D:3)
  5 gnolls
  3 adders (D:2)
  A shadow imp (D:3)
  A dart slug (D:1)
  3 ribbon worms
  2 orcs (D:3)
  7 ball pythons
  7 endoplasms
  5 giant cockroaches
  8 goblins
  7 hobgoblins
  12 jackals
  6 kobolds
  5 quokkas
  7 bats
  2 frilled lizards
  8 rats
97 creatures vanquished.

Notes
Turn   | Place    | Note
-------+----------+-------------------------------------------
     0 | D:1      | Silvore the Minotaur Fighter began the quest for the Orb.
     0 | D:1      | Reached XP level 1. HP: 19/19 MP: 0/0
    47 | D:1      | Reached XP level 2. HP: 26/27 MP: 1/1
   241 | D:1      | Reached XP level 3. HP: 33/33 MP: 2/2
   249 | D:1      | Found a faded altar of an unknown god.
   924 | D:2      | Noticed Sigmund
   932 | D:2      | Killed Sigmund
   933 | D:2      | Reached skill level 5 in Armour
   933 | D:2      | Reached skill level 1 in Dodging
   933 | D:2      | Reached XP level 4. HP: 30/41 MP: 3/3
   933 | D:2      | Reached XP level 5. HP: 35/47 MP: 4/4
  2047 | D:3      | Found an ornate altar of the Wu Jian Council.
  2103 | D:3      | Reached XP level 6. HP: 47/55 MP: 5/5
  2323 | D:3      | Noticed Jessica
  2339 | D:3      | Killed Jessica
  2340 | D:3      | Reached skill level 5 in Fighting
  2400 | D:3      | Reached skill level 5 in Shields
  2588 | D:3      | Found a faded altar of an unknown god.
  2592 | D:3      | Found a burning altar of Makhleb.
  2660 | D:3      | Reached skill level 5 in Maces & Flails
  3198 | D:4      | Reached XP level 7. HP: 59/61 MP: 6/6
  3276 | D:4      | Found a sparkling altar of Nemelex Xobeh.
  3377 | D:4      | Noticed Pikel
  3390 | D:4      | HP: 1/61 [iguana (5)]
  3390 | D:4      | Slain by Pikel

Illustrated notes

Levels and vault maps discovered:
D:1:      lightli_molten_gateway, layout_loops_ring,
          hellmonk_ecumenical_altar_crossroads
D:2:      layout_basic, serial_bayou, serial_bayou_pond_a, serial_bayou_pond_e,
          serial_bayou_pond_e, serial_bayou_shore_a, uniq_sigmund
D:3:      layout_loops_cross, mainiacjoe_overflow_catwalk,
          nicolae_overflow_ecumenical_swirl, st_stairs_11,
          kennysheep_small_spiral, uniq_jessica
D:4:      layout_basic, mainiacjoe_overflow_surrounded_room,
          nicolae_shop_vocational, uniq_pikel

Skill      XL: |  1  2  3  4  5  6 |
---------------+-------------------+-----
Armour         | 4 5 |  5.4
Fighting       | 4 5 |  5.5
Maces & Flails | 4 5 |  5.8
Dodging        | 1 |  1.9
Shields        | 4 5 |  5.3
Stealth        | |  0.2

Action                     |  1- 3 |  4- 6 |  7- 9 || total
---------------------------+-------+-------+-------++-------
  Melee: Flail             |    47 |       |       ||    47
         Headbutt          |     7 |    28 |     1 ||    36
         Mace              |     4 |   145 |    23 ||   172
    Use: Scroll            |     1 |     8 |       ||     9
         Potion            |       |     1 |       ||     1
 Armour: Scale mail        |    35 |   117 |    30 ||   182
  Dodge: Dodged            |    28 |    98 |    22 ||   148
  Block: Buckler           |     5 |    36 |     6 ||    47
